Map: Rust Bucket LE

Players

Nitrate - Winner!

  • Race: Protoss Protoss
  • League: Gold

Вагнер - Winner!

  • Race: Protoss Protoss

ПапинТапок

  • Race: Protoss Protoss

ПавелЛокоть

  • Race: Zerg Zerg

VOD

Have the link to the VOD?

Description

Time

  • Played on: Feb. 26, 2026, 1:42 p.m.
  • Length: 9:03
Show
View Real Time Build Order
Export as new Build Order

Nitrate Protoss - Winner!

Build Orders:  

Get SALT Encoding   

  12  0:00  Probe  
  13  0:13  Probe  
  14  0:19  Pylon  
  14  0:25  Probe  
  15  0:37  Probe  
  15  0:42  Gateway  
  17  0:50  Probe  
  17  0:55  Assimilator  
  17  1:02  Probe  
  18  1:14  Probe  
  19  1:28  Probe  
  20  2:06  Cybernetics Core  
  20  2:08  Nexus  
  20  2:12  Pylon  
  20  2:15  Warp Gate  
  19  2:32  Stalker  
  21  3:02  Probe  
  21  3:04  Gateway  
  22  3:14  Probe  
  22  3:19  Pylon  
  23  3:25  Stalker, Probe  
  23  3:26  Probe  
  27  3:36  Assimilator  
  27  3:41  Probe  
  28  3:45  Probe  
  29  3:53  Probe, Twilight Council  
  30  4:03  Assimilator  
  30  4:04  Probe  
  31  4:14  Stalker x2  
  35  4:23  Forge  
  35  4:40  Probe  
  35  4:42  Blink  
  36  4:47  Stalker  
  28  5:04  Probe  
  25  5:13  Probe  
  25  5:16  Probe  
  27  5:29  Zealot x2  
  31  5:39  Probe  
  28  5:47  Probe  
  28  5:48  Probe  
  29  5:54  Nexus  
  29  5:56  Probe  
  31  5:57  Probe  
  31  5:58  Pylon  
  31  6:01  Pylon  
  31  6:02  Pylon  
  33  6:05  Probe  
  33  6:09  Probe  
  35  6:21  Probe  
  31  6:37  Photon Cannon  
  31  6:38  Stalker x2  
  27  6:50  Probe  
  27  6:52  Photon Cannon  
  28  6:56  Pylon  
  28  6:58  Probe  
  28  7:08  Probe  
  30  7:22  Probe x2  
  30  7:23  Probe  
  33  7:30  Probe  
  33  7:31  Probe  
  35  7:37  Probe  
  35  7:40  Probe x2  
  38  7:45  Probe  
  38  7:51  Shield Battery  
  38  7:52  Probe x2, Photon Cannon  
  38  8:02  Probe  
  38  8:10  Probe  
  38  8:14  Shield Battery  
  38  8:18  Probe  
  38  8:19  Shield Battery  
  39  8:21  Stalker  
  39  8:26  Probe x2  
Show
View Real Time Build Order
Export as new Build Order

Вагнер Protoss - Winner!

Build Orders:  

Get SALT Encoding   

  1  0:00  Probe  
  12  0:05  Probe  
  14  0:14  Probe  
  15  0:28  Pylon  
  15  0:48  Gateway  
  15  0:50  Gateway  
  15  0:56  Probe  
  15  0:59  Assimilator  
  16  1:05  Probe  
  16  1:08  Pylon  
  17  1:13  Probe  
  18  1:58  Nexus  
  18  2:00  Zealot  
  18  2:01  Pylon, Zealot  
  20  2:05  Probe  
  23  2:13  Probe  
  23  2:20  Assimilator  
  24  2:32  Forge  
  24  2:54  Zealot  
  26  3:02  Cybernetics Core  
  26  3:11  Probe  
  27  3:13  Probe  
  27  3:14  Protoss Ground Weapons Level 1  
  27  3:15  Assimilator  
  28  3:21  Probe  
  28  3:23  Probe  
  28  3:25  Photon Cannon  
  30  3:30  Pylon  
  30  3:35  Probe  
  31  3:47  Probe  
  32  3:55  Probe  
  32  3:56  Robotics Facility  
  32  3:59  Stalker, Twilight Council  
  33  4:03  Probe  
  33  4:07  Probe  
  37  4:13  Zealot  
  38  4:29  Zealot  
  40  4:47  Zealot  
  42  4:53  Stalker  
  44  5:01  Photon Cannon  
  44  5:07  Photon Cannon  
  44  5:11  Stalker  
  46  5:27  Zealot  
  50  5:42  Zealot  
  50  5:45  Charge  
  50  5:49  Probe  
  50  5:50  Protoss Ground Weapons Level 2  
  50  5:52  Robotics Bay  
  50  5:56  Probe  
  51  5:57  Probe  
  53  6:04  Probe  
  53  6:07  Probe  
  53  6:08  Pylon  
  53  6:09  Observer  
  56  6:13  Zealot  
  56  6:14  Stalker, Probe  
  61  6:19  Probe  
  62  6:26  Probe  
  62  6:31  Probe  
  62  6:37  Stalker  
  62  6:38  Probe  
  63  6:44  Zealot  
  67  7:04  Stalker  
  69  7:11  Zealot  
  69  7:35  Pylon  
  69  7:38  Pylon  
  69  7:40  Pylon  
  69  7:50  Stalker  
  69  7:53  Zealot  
  69  7:54  Photon Cannon  
  69  7:56  Colossus  
  78  8:17  Stalker x2  
Show
View Real Time Build Order
Export as new Build Order

ПапинТапок Protoss 

Build Orders: Oracle Opening 

Get SALT Encoding   

  12  0:01  Probe  
  13  0:16  Probe  
  13  0:21  Pylon  
  14  0:28  Probe  
  15  0:42  Gateway  
  15  0:53  Gateway  
  15  0:58  Assimilator  
  15  0:59  Assimilator  
  15  1:02  Probe  
  16  1:10  Assimilator  
  16  1:21  Pylon  
  16  1:25  Probe  
  17  1:33  Cybernetics Core  
  17  1:51  Pylon  
  16  1:56  Probe  
  17  2:05  Probe  
  17  2:13  Probe  
  17  2:14  Warp Gate  
  18  2:20  Stargate  
  19  2:24  Probe  
  20  2:46  Pylon  
  20  3:02  Forge  
  20  3:06  Probe, Oracle  
  20  3:14  Probe  
  24  3:24  Probe  
  25  3:34  Pylon  
  25  3:45  Probe  
  26  3:55  Nexus  
  26  4:19  Pylon  
  26  4:22  Stargate  
  26  4:24  Probe  
  27  4:26  Protoss Air Weapons Level 1  
  27  4:29  Pylon  
  27  4:40  Photon Cannon  
  27  4:42  Probe  
  28  5:12  Oracle  
  28  5:17  Probe x2  
  30  5:22  Pylon  
  30  5:23  Assimilator  
  30  5:24  Assimilator  
  30  5:30  Probe  
  30  5:31  Stalker  
  30  5:32  Stalker  
  35  5:47  Fleet Beacon  
  35  5:53  Probe x2  
  37  6:09  Stalker x2  
  35  6:41  Carrier x2  
  47  7:03  Pylon  
  47  7:06  Pylon  
  44  7:29  Stalker x2  
  55  8:21  Pylon  
  55  8:22  Pylon  
  50  8:44  Stalker x2  
Show
View Real Time Build Order
Export as new Build Order

ПавелЛокоть Zerg 

Build Orders: Pool First 

Get SALT Encoding   

  12  0:06  Drone  
  13  0:18  Drone  
  14  0:25  Extractor  
  14  0:27  Drone  
  14  0:41  Spawning Pool  
  13  0:51  Drone  
  13  0:54  Overlord  
  14  1:03  Evolution Chamber  
  13  1:31  Drone  
  13  1:32  Drone x2  
  16  1:38  Queen  
  18  1:44  Zergling x2  
  19  1:49  Metabolic Boost  
  19  2:30  Hatchery  
  19  2:36  Roach Warren  
  17  2:42  Drone  
  17  2:43  Drone  
  19  2:44  Drone  
  20  2:57  Extractor  
  19  3:02  Lair  
  19  3:10  Zergling x4  
  21  3:24  Zerg Ground Armor Level 1  
  21  3:46  Zergling x10  
  26  4:16  Glial Reconstitution  
  26  4:21  Drone x2  
  26  4:23  Overlord x2  
  28  4:34  Spine Crawler  
  27  4:41  Overlord  
  24  5:02  Roach  
  24  5:04  Drone  
  24  5:05  Drone  
  28  5:16  Zergling x2, Drone  
  28  5:18  Zerg Melee Weapons Level 1  
  25  5:43  Roach x4  
  33  5:51  Overseer x2  
  33  5:55  Drone x2  
  35  5:58  Drone  
  36  6:13  Overlord x2  
  35  6:24  Overlord  
  27  6:46  Roach x5  
  35  6:47  Roach  
Tags
 
Add a new tag
Caveats
  • Supply blocks, unpowered buildings, or Contaminate may cause inaccurate times.
  • Supply counts are checked every 10 seconds.